 Dungeon Crawl Stone Soup version 0.21-a0-91-ga5031da (webtiles) character file.

351 grindst0ne the Ruffian (level 6, -4/55 HPs)
             Began as a Ghoul Monk on June 29, 2017.
             Killed by divine providence
             ... invoked by an orc priest
              (14 damage)
             ... on level 4 of the Dungeon.
             The game lasted 00:07:03 (3631 turns).

grindst0ne the Ruffian (Ghoul Monk)                 Turns: 3631, Time: 00:07:04

Health: -4/55      AC: 16    Str: 16    XL:     6   Next: 61%
Magic:  5/5        EV: 11    Int:  5    God:
Gold:   126        SH:  0    Dex: 17    Spells: 5/5 levels left

rFire    . . .     SeeInvis .     - Unarmed
rCold    + . .     Gourm    .   (no shield)
rNeg     + + +     Faith    .   l - +3 plate armour
rPois    ∞         Spirit   .   h - +0 helmet
rElec    .         Reflect  .   (no cloak)
rCorr    .         Harm     .   (no gloves)
MR       .....                  (no boots)
Stlth    ..........             (no amulet)
HPRegen  0.00/turn              (no ring)
MPRegen  0.09/turn              (no ring)

@: agile, rotting
A: rotting body, claws 1, carnivore 3, cold resistance 1, negative energy
resistance 3, inhibited regeneration, torment resistance, unbreathing
a: no special abilities


You were on level 4 of the Dungeon.
You were not hungry.

You visited 1 branch of the dungeon, and saw 4 of its levels.

You collected 126 gold pieces.

Inventory:

Armour
 a - a +0 robe
 e - a +0 ring mail
 h - a +0 helmet (worn)
 i - a +0 chain mail
 l - a +3 plate armour (worn)
Scrolls
 c - a scroll of amnesia {unknown}
 g - a scroll of teleportation
 k - 2 scrolls of remove curse
 o - a scroll of random uselessness {unknown}
 p - a scroll of magic mapping {unknown}
Potions
 f - a potion of flight {unknown}
 n - a potion of might
 q - a potion of cancellation {unknown}
Comestibles
 b - 4 chunks of flesh
 d - a royal jelly


   Skills:
 + Level 4.8 Fighting
 * Level 4.0 Armour
 - Level 2.6 Dodging
 - Level 2.1 Stealth
 + Level 4.8 Unarmed Combat


You had 5 spell levels left.
You didn't know any spells.

Dungeon Overview and Level Annotations

Branches:
Dungeon (4/15)
 Temple: D:4-7

Altars:
Gozag
Hepliaklqana
Nemelex Xobeh

Annotations:
D:3 2 transporters


Innate Abilities, Weirdness & Mutations

Your body is rotting away.
You thrive on raw meat.
You are immune to poison.
You have sharp fingernails.
You are carnivorous and can eat meat at any time.
Your flesh is cold resistant. (rC+)
You are immune to negative energy. (rN+++)
You do not regenerate when monsters are visible.
You are immune to unholy pain and torment.
You can survive without breathing.


Message History

The orc priest is severely wounded.
The orc priest mumbles some strange prayers to Beogh against you.
Beogh smites you! The gnoll barely misses you.
You barely miss the orc priest.
The orc priest is severely wounded.
The orc priest hits you but does no damage.
You closely miss the orc priest.
The orc priest is severely wounded.
The gnoll hits you with a halberd!
The orc priest hits you with a hand axe.
* * * LOW HITPOINT WARNING * * *
You scratch the orc priest.
The orc priest is severely wounded.
The gnoll hits you with a halberd.
* * * LOW HITPOINT WARNING * * *
It was a potion of agility.
You feel agile all of a sudden.
The orc priest invokes the aid of Beogh against you.
Beogh smites you!
You die...

..## ...## . #....## .#
##### ###......#
..#######..(####.......#
#..................#
#................##
###......##.......#
#.....o...#....o@<#
#.........#......g#
.....g............##
............##.....##
...........####.....#
...........# ###.....#
...........# ##..###
............ #..#
...g.......(# #..#


You could see an orc priest and a gnoll.

Vanquished Creatures
  2 jellies (D:2)
  An orc wizard (D:3)
  A worker ant (D:4)
  Robin (D:2)
  3 gnolls (D:3)
  2 adders
  8 oozes (D:2)
  7 worms
  4 dart slugs
  2 leopard geckos
  3 orcs (D:3)
  7 giant cockroaches
  21 goblins
  7 hobgoblins
  4 jackals (D:2)
  A quokka (D:3)
  6 bats
  4 frilled lizards
  18 kobolds
  13 rats
115 creatures vanquished.

Vanquished Creatures (others)
  2 fungi (D:2)
  7 toadstools (D:2)
9 creatures vanquished.

Grand Total: 124 creatures vanquished

Notes
Turn   | Place    | Note
-------+----------+-------------------------------------------
     0 | D:1      | grindst0ne the Ghoul Monk began the quest for the Orb.
     0 | D:1      | Reached XP level 1. HP: 19/19 MP: 0/0
    88 | D:1      | Reached XP level 2. HP: 24/26 MP: 1/1
    90 | D:1      | Reached skill level 1 in Armour
   177 | D:1      | Reached XP level 3. HP: 25/31 MP: 2/2
   925 | D:2      | Found a hazy altar of Hepliaklqana.
   964 | D:2      | Reached XP level 4. HP: 28/40 MP: 3/3
  1059 | D:2      | Noticed Robin
  1085 | D:2      | Killed Robin
  1922 | D:2      | Reached XP level 5. HP: 29/46 MP: 4/4
  2285 | D:2      | Reached XP level 6. HP: 52/53 MP: 5/5
  2576 | D:3      | Found an opulent altar of Gozag.
  2576 | D:3      | Found a sparkling altar of Nemelex Xobeh.
  2675 | D:3      | Found a transporter.
  2695 | D:3      | Found a transporter.
  3631 | D:4      | Killed from afar by an orc priest

Vault maps used:
D:1:      saegor_arrival_simple_c
D:2:      cheibrodos_fertilizer, lemuel_doored_altar, roderic_whirl, uniq_robin
D:3:      gammafunk_wand_slinger, grunt_temple_overflow_opulence
D:4:      elyvilon_altar_4, first_bread

Skill      XL: |  1  2  3  4  5  6 |
---------------+-------------------+-----
Armour         | 1 2 3 4 |  4.0
Fighting       | 4 |  4.8
Unarmed Combat | 4 |  4.8
Dodging        | |  2.6
Stealth        | |  2.1

Action                   |  1- 3 |  4- 6 || total
-------------------------+-------+-------++-------
Melee: Unarmed           |   121 |   293 ||   414
       Punch             |     1 |     2 ||     3
  Use: Potion            |       |     5 ||     5
       Scroll            |       |     2 ||     2
 Stab: Sleeping          |     2 |       ||     2
  Eat: Chunk             |     3 |     4 ||     7
       Meat ration       |       |     1 ||     1
Armor: Robe              |     2 |       ||     2
       Ring mail         |     2 |       ||     2
       Plate armour      |    29 |   273 ||   302
       Chain mail        |     9 |       ||     9
Dodge: Dodged            |    43 |   115 ||   158
